[Event "Titled Tuesday Blitz January 31 Late 2023"]
[White "Szente Varga, Fruzsina"]
[Black "Kanakaris, Georgios"]
[WhiteFideId "712264"]
[BlackFideId "4209460"]
[WhiteElo "2075"]
[BlackElo "2391"]
[Result "0-1"]
[Round "06"]
[TimeControl "180+2"]
[Date "2023.01.31"]
[WhiteClock "0:00:41"]
[BlackClock "0:00:07"]

1. e4 e6 2. d4 d5 3. Nd2 Be7 4. e5 c5 5. c3 cxd4 6. cxd4 Qb6 7. Qg4 g6 8. Bd3 Bd7 9. Ne2 Bb5 10. Bxb5+ Qxb5 11. O-O Nc6 12. Nb3 h5 13. Qf3 h4 14. h3 Nh6 15. Nc3 Qb6 16. Bxh6 Rxh6 17. Qe3 Rh5 18. Na4 Qb4 19. Nac5 Bxc5 20. Nxc5 Qxd4 21. Qxd4 Nxd4 22. Nxb7 Rxe5 23. Rfe1 Rxe1+ 24. Rxe1 Rb8 25. Nc5 Rxb2 26. a4 Rc2 27. Nd3 Rc3 28. Nf4 Kd7 29. Rd1 Nb3 30. Ne2 Rc2 31. Kf1 Ra2 32. Nc3 Ra1 33. Rxa1 Nxa1 34. Nb5 a6 35. Nd4 f6 36. Ke2 e5 37. Nf3 g5 38. Kd2 Nb3+ 39. Kc3 Nc5 40. Kb4 Kd6 41. Ne1 d4 42. a5 Kd5 43. f3 f5 44. Nc2 e4 45. fxe4+ fxe4 46. Ne1 e3 47. Nc2 e2 48. Ne1 Ne6 49. Kb3 Ke4 50. Kc2 Ke3 51. Nf3 Nf4 52. Kc1 d3 0-1


[Site "https://www.chess.com"]

[Event "Titled Tuesday Blitz January 31 Late 2023"]
[White "Klose, Eli"]
[Black "Rosenberg, Evan S"]
[WhiteFideId "16242955"]
[BlackFideId "2019299"]
[WhiteElo "1519"]
[BlackElo "1956"]
[Result "1-0"]
[Round "06"]
[TimeControl "180+2"]
[Date "2023.01.31"]
[WhiteClock "0:02:09"]
[BlackClock "0:01:15"]

1. e4 e5 2. Nf3 Nc6 3. d4 exd4 4. Bc4 Nf6 5. O-O Nxe4 6. Re1 d5 7. Bxd5 Qxd5 8. Nc3 Qd7 9. Rxe4+ Be7 10. Nxd4 Nxd4 11. Rxd4 Bd6 12. Bf4 O-O 13. Bxd6 cxd6 14. Rxd6 Qf5 15. Qd3 Qxd3 16. Rxd3 Bf5 17. Rd2 Rfe8 18. Rad1 h6 19. Nd5 Rac8 20. Ne3 Be6 21. b3 b5 22. h3 a5 23. Rd4 a4 24. Rb4 axb3 25. axb3 Rc5 26. Rd6 Ra8 27. Rb6 Ra1+ 28. Kh2 Ra5 29. Rd4 Kh7 30. b4 1-0


[Site "https://www.chess.com"]

[Event "Titled Tuesday Blitz January 31 Late 2023"]
[White "Gutkin, Ilya"]
[Black "Lymar, Vladislav"]
[WhiteFideId "16203470"]
[BlackFideId "14162180"]
[WhiteElo "2273"]
[BlackElo "2119"]
[Result "1-0"]
[Round "06"]
[TimeControl "180+2"]
[Date "2023.01.31"]
[WhiteClock "0:00:16"]
[BlackClock "0:00:03"]

1. Nf3 c5 2. b3 d5 3. e3 a6 4. Bb2 Nc6 5. d4 Nf6 6. Bd3 Bg4 7. h3 Bh5 8. O-O e6 9. Nbd2 Be7 10. c4 dxc4 11. Bxc4 b5 12. Be2 O-O 13. dxc5 Rc8 14. Rc1 Qa5 15. a3 b4 16. Nc4 Qc7 17. axb4 Nxb4 18. Nd6 Rcd8 19. Be5 Nc6 20. Bh2 Qa7 21. Nd4 Nxd4 22. exd4 Bxe2 23. Qxe2 Nd5 24. Ra1 a5 25. Qb5 Ra8 26. Nc4 Nc3 27. Qxa5 Qxa5 28. Rxa5 Ne2+ 29. Kh1 Nxd4 30. b4 Rxa5 31. Nxa5 Nc2 32. Rb1 Rc8 33. Be5 f6 34. Bc3 e5 35. Rd1 Rb8 36. Nc6 Rb7 37. Nxe7+ Rxe7 38. c6 Na3 39. Rd5 Ra7 40. b5 Nc4 41. Rd7 Ra8 42. c7 Rf8 43. Rd8 Nb6 44. Bb4 1-0


[Site "https://www.chess.com"]

[Event "Titled Tuesday Blitz January 31 Late 2023"]
[White "Baskakov, Egor"]
[Black "Bulgurlu, Okan"]
[WhiteFideId "24197866"]
[BlackFideId "6352316"]
[WhiteElo "2215"]
[BlackElo "1908"]
[Result "1-0"]
[Round "06"]
[TimeControl "180+2"]
[Date "2023.01.31"]
[WhiteClock "0:01:26"]
[BlackClock "0:00:08"]

1. e4 c5 2. Nf3 g6 3. d4 cxd4 4. Nxd4 Bg7 5. Nc3 Nc6 6. Nde2 d6 7. g3 Nf6 8. Bg2 O-O 9. h3 Bd7 10. O-O Rc8 11. a4 Nb4 12. Be3 a6 13. a5 Bc6 14. Bb6 Qe8 15. Qd2 Nd7 16. Bd4 Ne5 17. b3 Bd7 18. f4 Nec6 19. Bxg7 Kxg7 20. Nd5 Nxd5 21. exd5 Nb8 22. c4 f5 23. Nd4 Qf7 24. Rae1 Rfe8 25. Re2 Rc7 26. Rfe1 Bc8 27. Kh2 Kg8 28. Qb4 Bd7 29. Qb6 Rc5 30. Ne6 Bxe6 31. Rxe6 Nd7 32. Qxb7 Nf8 33. Rxe7 Rxe7 34. Rxe7 Qf6 35. Rc7 Rxc7 36. Qxc7 h5 37. h4 Qc3 38. Qxd6 Qxb3 39. c5 Qb5 40. Qb6 Qxb6 41. axb6 Nd7 42. b7 1-0


[Site "https://www.chess.com"]

[Event "Titled Tuesday Blitz January 31 Late 2023"]
[White "Bilych, Olexiy"]
[Black "Karas, Marek"]
[WhiteFideId "14156504"]
[BlackFideId "14928558"]
[WhiteElo "2441"]
[BlackElo "2227"]
[Result "1-0"]
[Round "06"]
[TimeControl "180+2"]
[Date "2023.01.31"]
[WhiteClock "0:00:18"]
[BlackClock "0:00:01"]

1. d4 Nf6 2. c4 e6 3. Nf3 b6 4. g3 Bb7 5. Bg2 Be7 6. O-O O-O 7. Re1 d5 8. cxd5 exd5 9. Nc3 Nbd7 10. Bf4 c6 11. Rc1 Re8 12. Qb3 Nf8 13. Bh3 Bc8 14. Bg2 Ng6 15. Bg5 Be6 16. e3 h6 17. Bxf6 Bxf6 18. Qa4 Qd6 19. e4 b5 20. Qa6 Bc8 21. Nxb5 Qb8 22. Qxc6 Bb7 23. Qc7 dxe4 24. Nd6 Re7 25. Qxb8+ Rxb8 26. Nxb7 Rbxb7 27. Ne5 Rxb2 28. Nxg6 fxg6 29. Bxe4 Kh7 30. Rc6 Rxa2 31. Bxg6+ Kxg6 32. Rxe7 Rd2 33. Rxa7 Rxd4 34. Kg2 Rb4 35. h4 Rd4 36. Ra3 Re4 37. Re3 Ra4 38. f3 Kf7 39. Kh3 Ra1 40. Rc7+ Kg6 41. Kg4 h5+ 42. Kh3 Rh1+ 43. Kg2 Ra1 44. Re2 Ra3 45. Rc5 Ra6 46. Rd5 Rb6 47. Re3 Ra6 48. g4 hxg4 49. h5+ Kh6 50. fxg4 Ra4 51. Kg3 Ra1 52. Re6 Rg1+ 53. Kf3 Kh7 54. Rb5 Kh6 55. Rb4 Kh7 56. Kf2 Rd1 57. Rbe4 Rd2+ 58. Kf3 Rd1 59. Ra6 Rf1+ 60. Kg2 Rc1 61. Ra8 Rc2+ 62. Kf3 Rc3+ 63. Kf4 Rc5 64. Ree8 Bg5+ 65. Ke4 g6 66. Ra7+ Kh6 67. Rh8# 1-0


[Site "https://www.chess.com"]

[Event "Titled Tuesday Blitz January 31 Late 2023"]
[White "Hernandez Sanchez, Elvis De La Caridad"]
[Black "Bjelobrk, Igor"]
[WhiteFideId "6400353"]
[BlackFideId "4300726"]
[WhiteElo "2243"]
[BlackElo "2403"]
[Result "0-1"]
[Round "06"]
[TimeControl "180+2"]
[Date "2023.01.31"]
[WhiteClock "0:00:03"]
[BlackClock "0:00:10"]

1. Nf3 Nf6 2. c4 e6 3. Nc3 d5 4. e3 b6 5. b3 Bb7 6. Bb2 a6 7. Qc2 c5 8. cxd5 exd5 9. d4 Nbd7 10. Be2 Be7 11. O-O O-O 12. Rad1 Rc8 13. Qb1 Re8 14. Rfe1 Bf8 15. Bf1 Qc7 16. g3 Rcd8 17. Bg2 c4 18. Ne5 Nxe5 19. dxe5 Rxe5 20. bxc4 Bb4 21. a3 Ba5 22. Rf1 Rh5 23. Ne2 Ne4 24. Nf4 Rh6 25. Bxe4 dxe4 26. Rxd8+ Qxd8 27. c5 Qc8 28. cxb6 Rxb6 29. Qa1 Qf8 30. Rd1 f6 31. Qa2+ Kh8 32. Rd7 Bc8 33. Rf7 Qg8 34. Nh5 Rxb2 35. Qxb2 Qxf7 36. Qb8 Qg8 37. Nf4 Bc3 38. Qc7 Be5 39. Qc5 Bxf4 40. exf4 h6 41. h4 Qe6 42. h5 Kh7 43. Qc1 Qf5 44. Qd1 Be6 45. Kg2 Bf7 46. Qe2 Bxh5 47. Qf1 Bf3+ 48. Kg1 Qh5 49. a4 Qh1# 0-1


[Site "https://www.chess.com"]

[Event "Titled Tuesday Blitz January 31 Late 2023"]
[White "Do Valle Cardoso, Lucas"]
[Black "Ekdyshman, Mikhail"]
[WhiteFideId "2163144"]
[BlackFideId "4149416"]
[WhiteElo "2250"]
[BlackElo "2264"]
[Result "1-0"]
[Round "06"]
[TimeControl "180+2"]
[Date "2023.01.31"]
[WhiteClock "0:02:04"]
[BlackClock "0:01:23"]

1. e4 c5 2. Nf3 d6 3. d4 cxd4 4. Nxd4 Nf6 5. Nc3 a6 6. Be3 e6 7. f3 Bd7 8. Qd2 Nc6 9. O-O-O Rc8 10. Kb1 Na5 11. g4 h6 12. h4 Nc4 13. Bxc4 Rxc4 14. Rhg1 Qa5 15. g5 hxg5 16. hxg5 Nh5 17. g6 Nf6 18. gxf7+ Kxf7 19. Qg2 Rxc3 20. Bd2 e5 21. Bxc3 Qd8 22. Qg6+ Kg8 23. Nf5 Be8 24. Nh6+ Rxh6 25. Qxh6 Qe7 26. Bb4 Bf7 27. Bxd6 Qe6 28. b3 Nxe4 29. Qxe6 Nc3+ 30. Kb2 Nxd1+ 31. Rxd1 Bxe6 32. Bxf8 Kxf8 33. Re1 Bd5 34. Rxe5 Bc6 35. f4 Kf7 36. c4 Kf6 37. Kc3 Bf3 38. Kd4 Bc6 39. b4 Kf7 40. b5 axb5 41. cxb5 Bf3 42. a4 1-0


[Site "https://www.chess.com"]

[Event "Titled Tuesday Blitz January 31 Late 2023"]
[White "Senthilkumar, Pranav"]
[Black "Real_OceanStorm"]
[WhiteFideId "2083477"]
[WhiteElo "1854"]
[BlackElo "2671"]
[Result "0-1"]
[Round "06"]
[TimeControl "180+2"]
[Date "2023.01.31"]
[WhiteClock "0:00:20"]
[BlackClock "0:01:04"]

1. d4 Nf6 2. c4 c6 3. Nc3 d5 4. e3 Bf5 5. Qb3 Qb6 6. c5 Qxb3 7. axb3 h5 8. b4 g6 9. b5 a6 10. bxc6 Nxc6 11. Nf3 Bg7 12. Bb5 O-O 13. Bxc6 bxc6 14. Ne5 Rfc8 15. O-O Nd7 16. Nxd7 Bxd7 17. Bd2 e5 18. Ne2 exd4 19. Nxd4 Rcb8 20. b4 Re8 21. Bc3 Reb8 22. Ra5 Bxd4 23. exd4 Bf5 24. Rfa1 Bd3 25. f3 Re8 26. R1a2 Rab8 27. Kf2 f6 28. Rd2 Bb5 29. Ra1 Kf7 30. Re1 Rxe1 31. Kxe1 Re8+ 32. Kf2 g5 33. Ra2 Bc4 34. Rc2 Kg6 35. h3 h4 36. f4 gxf4 37. Bd2 Re4 38. Bc3 Re3 39. Bb2 Kf5 40. Bc1 Rb3 41. Rb2 Rc3 42. Bd2 Rd3 43. Be1 Rxd4 44. Rd2 Re4 45. Rc2 Bb5 46. Rc1 d4 47. Kf3 Re3+ 48. Kf2 Re2+ 49. Kf3 d3 50. Bxh4 Re3+ 51. Kf2 Ba4 52. g4+ Ke6 53. Re1 d2 54. Rxe3+ fxe3+ 55. Kxe3 d1=Q 0-1


[Site "https://www.chess.com"]

[Event "Titled Tuesday Blitz January 31 Late 2023"]
[White "Bambino Filho, Antonio Carlos"]
[Black "Alex_Sahakyan2006"]
[WhiteFideId "2113163"]
[WhiteElo "2144"]
[BlackElo "2668"]
[Result "1-0"]
[Round "06"]
[TimeControl "180+2"]
[Date "2023.01.31"]
[WhiteClock "0:00:07"]
[BlackClock "0:00:20"]

1. d4 g6 2. e4 Bg7 3. Nc3 a6 4. a4 d6 5. Nf3 Bg4 6. Be2 Nd7 7. Be3 Bxf3 8. Bxf3 c6 9. O-O Ngf6 10. Qd2 O-O 11. a5 Re8 12. Rfd1 Qc7 13. b4 Rad8 14. d5 cxd5 15. exd5 Rc8 16. Ra3 Ne5 17. Be2 Nc4 18. Bxc4 Qxc4 19. Rb3 Ng4 20. Bd4 Bxd4 21. Qxd4 Qxd4 22. Rxd4 Ne5 23. f4 Rc4 24. Re4 Rxe4 25. Nxe4 Nd7 26. Rc3 Nf6 27. Nxf6+ exf6 28. Rc7 Rb8 29. Kf2 b6 30. axb6 Rxb6 31. c3 a5 32. Rc6 Rb5 33. bxa5 Rxa5 34. c4 Ra4 35. Ke2 Kf8 36. Kd3 Ke7 37. Rc7+ Ke8 38. Kc3 Ra2 39. Kb4 Rxg2 40. Kb5 Rc2 41. Kc6 g5 42. Kxd6 Kf8 43. Rc8+ Kg7 44. fxg5 f5 45. Ke5 Kg6 46. d6 Re2+ 47. Kd5 f4 48. d7 f3 49. Rg8+ Kh5 50. Rg7 Rd2+ 51. Kc6 f6 52. Rf7 Kxg5 53. Rg7+ Kf4 54. Rg1 Ke3 55. Kc7 f2 56. Rh1 Kf3 57. c5 Kg2 58. Rc1 f5 59. c6 f4 60. d8=Q Rxd8 61. Kxd8 f3 62. c7 f1=Q 63. Rxf1 Kxf1 64. c8=Q f2 65. Qh3+ Kg1 66. Qg3+ Kf1 67. h4 h5 68. Ke7 Ke2 69. Qe5+ Kd2 70. Qd4+ Ke2 71. Qe4+ Kd1 72. Qf3+ Ke1 73. Qe3+ Kf1 74. Kf6 Kg2 75. Qg5+ Kh3 76. Qf5+ Kg2 77. Kg5 1-0


[Site "https://www.chess.com"]

[Event "Titled Tuesday Blitz January 31 Late 2023"]
[White "Fiorito, Joaquin"]
[Black "Pein, Jonathan"]
[WhiteFideId "180173"]
[BlackFideId "417092"]
[WhiteElo "2405"]
[BlackElo "2265"]
[Result "1-0"]
[Round "06"]
[TimeControl "180+2"]
[Date "2023.01.31"]
[WhiteClock "0:01:37"]
[BlackClock "0:00:05"]

1. d4 d6 2. e4 Nf6 3. Nc3 e5 4. f3 exd4 5. Qxd4 Nc6 6. Bb5 Bd7 7. Bxc6 bxc6 8. Be3 Qb8 9. O-O-O a5 10. Nge2 Qb4 11. a3 Qxd4 12. Nxd4 Be7 13. g4 O-O 14. h4 Rab8 15. h5 c5 16. Nf5 Bxf5 17. gxf5 h6 18. f4 Rfe8 19. e5 Ng4 20. Nd5 Nxe3 21. Nxe3 dxe5 22. Nd5 exf4 23. Nxc7 Red8 24. Nd5 Bg5 25. Kb1 Kf8 26. Rhf1 c4 27. c3 Rb5 28. Nc7 Rc5 29. Rxd8+ Bxd8 30. Na6 Rc6 31. Nb8 Rd6 32. Rxf4 Ke7 33. Rxc4 Kf6 34. Rc5 Kg5 35. b4 axb4 36. axb4 Bf6 37. b5 Kxh5 38. Nc6 Kg4 39. b6 Rd7 40. Rb5 Bd8 41. Nxd8 Rxd8 42. c4 h5 43. c5 h4 44. c6 h3 45. c7 Rc8 46. b7 h2 47. bxc8=Q h1=Q+ 48. Kb2 Qg2+ 49. Kb3 Qf3+ 50. Kb4 Qe4+ 51. Ka5 Qe1+ 52. Rb4+ Kg5 53. Qd8+ f6 54. c8=Q Qa1+ 55. Kb5 Qe5+ 56. Qc5 Qe2+ 57. Qc4 Qe5+ 58. Qdd5 Qe8+ 59. Kc5 Qe7+ 60. Kd4 Kf4 61. Qf1+ Kg5 62. Qdg2+ Kh6 63. Qfh1# 1-0


[Site "https://www.chess.com"]

[Event "Titled Tuesday Blitz January 31 Late 2023"]
[White "Blomqvist, Erik"]
[Black "Kaplan, Avi Harrison"]
[WhiteFideId "1709437"]
[BlackFideId "30934559"]
[WhiteElo "2523"]
[BlackElo "2146"]
[Result "1-0"]
[Round "06"]
[TimeControl "180+2"]
[Date "2023.01.31"]
[WhiteClock "0:00:32"]
[BlackClock "0:00:05"]

1. e4 Nf6 2. e5 Ng8 3. d4 d6 4. Nf3 dxe5 5. Nxe5 Nf6 6. Bc4 e6 7. O-O Bd6 8. Qf3 O-O 9. Rd1 Nbd7 10. Bf4 Qe7 11. Nc3 Rd8 12. Bb3 h6 13. Rd3 c5 14. Nb5 Bb8 15. Re1 a6 16. Nc3 cxd4 17. Nxf7 Bxf4 18. Rxe6 Qxf7 19. Rxf6 gxf6 20. Bxf7+ Kxf7 21. Rxd4 Be5 22. Qh5+ Ke7 23. Rd3 Nf8 24. Nd5+ Ke6 25. c4 Bd7 26. f4 Bd6 27. Re3+ Be5 28. fxe5 f5 29. Nc7+ Ke7 30. e6 Bc6 31. Qf7+ Kd6 32. Nxa8 Kc5 33. Qe7+ Rd6 34. Rd3 Bd5 35. Rxd5+ Kxc4 36. Qxd6 Nxe6 37. Qxe6 b5 38. Rxf5+ Kb4 39. Qxa6 Kc4 40. Qxb5+ Kd4 41. Qc5+ Kd3 42. Re5 h5 43. Qc3# 1-0


[Site "https://www.chess.com"]

[Event "Titled Tuesday Blitz January 31 Late 2023"]
[White "SilverCityIndigo"]
[Black "Kavutskiy, Konstantin"]
[BlackFideId "2026384"]
[WhiteElo "2443"]
[BlackElo "2414"]
[Result "1-0"]
[Round "06"]
[TimeControl "180+2"]
[Date "2023.01.31"]
[WhiteClock "0:01:42"]
[BlackClock "0:00:38"]

1. a3 g6 2. h4 h5 3. e4 Nc6 4. Nc3 Bg7 5. Bc4 e6 6. Nge2 Nf6 7. d4 d5 8. Bd3 dxe4 9. Nxe4 Nxe4 10. Bxe4 Ne7 11. Bg5 Qd6 12. Qd3 c5 13. Qb5+ Bd7 14. Qxc5 Qxc5 15. dxc5 Bxb2 16. Rb1 Bxa3 17. Rxb7 Bxc5 18. O-O Rc8 19. Rd1 Bc6 20. Bxc6+ Nxc6 21. Ng3 O-O 22. Ne4 Bb6 23. Bh6 Rfd8 24. Nf6+ Kh8 25. Rxf7 Rxd1+ 26. Kh2 Bc7+ 27. g3 Rd7 28. Bg7# 1-0


[Site "https://www.chess.com"]

[Event "Titled Tuesday Blitz January 31 Late 2023"]
[White "Musovic, Armin"]
[Black "Sanchez, Robert"]
[WhiteFideId "939935"]
[BlackFideId "2034360"]
[WhiteElo "2261"]
[BlackElo "1966"]
[Result "1-0"]
[Round "06"]
[TimeControl "180+2"]
[Date "2023.01.31"]
[WhiteClock "0:00:09"]
[BlackClock "0:00:02"]

1. a3 d5 2. Nc3 Nf6 3. d3 Nc6 4. Bg5 e6 5. e4 Be7 6. f4 O-O 7. Nf3 Ng4 8. Bxe7 Qxe7 9. Qe2 d4 10. Nd1 Qc5 11. h3 Nh6 12. b4 Qd6 13. Qd2 f5 14. e5 Qd8 15. g3 a6 16. Bg2 Nf7 17. h4 Nh6 18. O-O Ng4 19. Nh2 Nxh2 20. Kxh2 Bd7 21. c4 Rb8 22. Rc1 Qe7 23. c5 Rfd8 24. Nb2 Na7 25. a4 Qe8 26. Qc2 Bc6 27. Bxc6 Nxc6 28. Qc4 Qd7 29. Rc2 Ne7 30. Rfc1 c6 31. a5 Kf7 32. Na4 Qd5 33. Nb6 Qf3 34. Rg1 h6 35. Rgg2 g5 36. Rcf2 Qh5 37. fxg5 hxg5 38. g4 Qxh4+ 39. Kg1 Rh8 40. Kf1 Rbd8 41. Qa2 f4 42. Nc4 Nd5 43. Nd6+ Rxd6 44. exd6 Ne3+ 45. Ke2 Nxg2 46. Rxg2 Qh3 47. Kf1 Qf3+ 48. Kg1 Qd1+ 49. Kf2 f3 50. Kg3 fxg2 51. Qf2+ Kg7 52. Qxg2 Qxd3+ 53. Qf3 Qxf3+ 54. Kxf3 Rh3+ 55. Ke4 Rb3 56. d7 Rxb4 57. d8=Q 1-0


[Site "https://www.chess.com"]

[Event "Titled Tuesday Blitz January 31 Late 2023"]
[White "Papp, Petra"]
[Black "Sztokbant, Bernardo Vainzoff"]
[WhiteFideId "739049"]
[BlackFideId "2115956"]
[WhiteElo "2343"]
[BlackElo "2213"]
[Result "0-1"]
[Round "06"]
[TimeControl "180+2"]
[Date "2023.01.31"]
[WhiteClock "0:00:52"]
[BlackClock "0:01:16"]

1. d4 d5 2. c4 dxc4 3. e3 Nf6 4. Bxc4 e6 5. Nf3 c5 6. O-O Be7 7. Qe2 O-O 8. Rd1 cxd4 9. exd4 Nc6 10. a3 b6 11. Nc3 Na5 12. Bd3 Bb7 13. Bg5 Nb3 14. Bxf6 Bxf6 15. Bxh7+ Kxh7 16. Qc2+ Kg8 17. Qxb3 Bxf3 18. gxf3 Bxd4 19. f4 Qf6 20. Ne4 Qg6+ 21. Ng3 Rad8 22. Rd2 Bc5 23. Rad1 Rxd2 24. Rxd2 Qf6 25. Qf3 Rd8 26. Rxd8+ Qxd8 27. b4 Bf8 28. Kg2 g6 0-1


[Site "https://www.chess.com"]

[Event "Titled Tuesday Blitz January 31 Late 2023"]
[White "Pasti, Aron"]
[Black "Bon, Michael"]
[WhiteFideId "785857"]
[BlackFideId "620696"]
[WhiteElo "2361"]
[BlackElo "2394"]
[Result "1-0"]
[Round "06"]
[TimeControl "180+2"]
[Date "2023.01.31"]
[WhiteClock "0:00:50"]
[BlackClock "0:00:12"]

1. e4 c5 2. Nf3 d6 3. d4 cxd4 4. Nxd4 Nf6 5. Nc3 Nc6 6. Bg5 e6 7. Qd2 a6 8. f4 h6 9. Bxf6 Qxf6 10. Nf3 Qd8 11. O-O-O Be7 12. g4 Qa5 13. Kb1 b5 14. e5 d5 15. h4 Bb7 16. g5 hxg5 17. fxg5 Qc7 18. Bd3 d4 19. Ne4 Nxe5 20. Qf4 f6 21. gxf6 gxf6 22. Nxd4 O-O-O 23. Nxe6 Qc6 24. Nxd8 Rxd8 25. h5 Bd6 26. h6 Nxd3 27. Nxd6+ Rxd6 28. Qxd6 Qxd6 29. h7 Bxh1 30. h8=Q+ Kc7 31. Qxh1 1-0


[Site "https://www.chess.com"]

[Event "Titled Tuesday Blitz January 31 Late 2023"]
[White "OKEKE, Isaac Chukwudalu"]
[Black "Filgueira, Hernan"]
[WhiteFideId "8508526"]
[BlackFideId "101770"]
[WhiteElo "2155"]
[BlackElo "2283"]
[Result "0-1"]
[Round "06"]
[TimeControl "180+2"]
[Date "2023.01.31"]
[WhiteClock "0:00:11"]
[BlackClock "0:00:12"]

1. e4 e6 2. d4 d5 3. e5 c5 4. c3 Nc6 5. Nf3 Bd7 6. Be2 Rc8 7. O-O a6 8. Na3 cxd4 9. cxd4 Bxa3 10. bxa3 Nge7 11. a4 O-O 12. Ba3 h6 13. Rb1 Na5 14. Bc5 Rc6 15. Qd2 Re8 16. Qb4 Ng6 17. Bb6 Rxb6 18. Qxb6 Bxa4 19. Qb4 Bc6 20. Rfc1 Nf4 21. Bf1 Nc4 22. Nd2 Qg5 23. Nxc4 Nh3+ 24. Kh1 dxc4 25. Qb2 b5 26. Rc3 Nf4 27. Rg3 Qf5 28. Rd1 Nd5 29. Qb1 Qxb1 30. Rxb1 c3 31. Bd3 Rc8 32. Be4 Ne7 33. Bxc6 Rxc6 34. Kg1 Nd5 35. Kf1 b4 36. Ke1 a5 37. Kd1 a4 38. Kc2 b3+ 39. axb3 Nb4+ 40. Kc1 a3 41. Ra1 a2 42. Re3 Kf8 43. Re2 Ke7 44. Rexa2 c2 45. Ra7+ Kf8 46. Kd2 Kg8 47. Rc1 Kh7 48. Rxc2 Nxc2 49. Ra4 Kg6 50. Rc4 Kf5 51. Rxc6 Nxd4 52. Rc4 Nxb3+ 53. Ke3 Na5 54. Rc5 Nb7 55. Rc7 Na5 56. Rxf7+ Kxe5 57. Rxg7 Nc4+ 58. Kf3 Nd6 59. Kg3 Nf5+ 60. Kg4 Nxg7 61. h4 Kf6 62. Kf4 e5+ 63. Ke4 Ne6 64. g4 Nf4 65. f3 Ke6 66. g5 h5 67. Ke3 Ng6 68. Ke4 Nxh4 69. f4 exf4 70. Kxf4 Ng6+ 71. Ke4 h4 72. Kf3 Kf5 73. Kg2 Kxg5 74. Kh3 Nf4+ 75. Kh2 Nd3 76. Kh3 Ne5 77. Kg2 Kg4 78. Kh2 Nc4 79. Kg2 Nb2 80. Kh2 Nd3 81. Kg2 h3+ 82. Kh2 Kh4 83. Kh1 Nf2+ 84. Kg1 Kg3 85. Kf1 h2 0-1


[Site "https://www.chess.com"]

[Event "Titled Tuesday Blitz January 31 Late 2023"]
[White "Kaganskiy, Gleb"]
[Black "Hirneise, Jens"]
[WhiteFideId "4132025"]
[BlackFideId "24614734"]
[WhiteElo "2205"]
[BlackElo "2277"]
[Result "0-1"]
[Round "06"]
[TimeControl "180+2"]
[Date "2023.01.31"]
[WhiteClock "0:00:07"]
[BlackClock "0:00:06"]

1. e4 c5 2. Nf3 e6 3. d4 cxd4 4. Nxd4 Nf6 5. Nc3 d6 6. g4 h6 7. Rg1 Be7 8. Be3 Nc6 9. Qd2 a6 10. O-O-O Bd7 11. h4 Nxd4 12. Bxd4 e5 13. Be3 Bxg4 14. Be2 Bxe2 15. Qxe2 g6 16. f4 Qa5 17. f5 gxf5 18. exf5 d5 19. Bd2 d4 20. Nb1 Qc5 21. Rge1 e4 22. Bf4 d3 23. Qd2 dxc2 24. Qxc2 Qxf5 25. Bd6 Bxd6 26. Rxd6 Qf4+ 27. Qd2 Qxd2+ 28. Nxd2 Ke7 29. Rb6 Rac8+ 30. Kb1 Rc7 31. Nxe4 Nxe4 32. Rxe4+ Kd8 33. Rd4+ Kc8 34. Rdd6 Rg8 35. a3 h5 36. Rh6 Rc5 37. Rbf6 Rg7 38. Ka2 Kd7 39. Rb6 Kc7 40. Rbf6 Kb8 41. Rh8+ Ka7 42. Rf8 Rc4 43. R8xf7 Rxf7 44. Rxf7 Rxh4 45. Rh7 Rh2 46. Rh6 h4 47. a4 h3 48. Kb1 Kb8 49. b3 Rh1+ 50. Kb2 h2 51. Ka2 Kc8 52. Kb2 Kd7 53. Rh7+ Ke6 54. Ka2 Kf6 55. Rh6+ Kg5 56. Rh8 Kf4 57. Rf8+ Ke3 58. Rh8 Kd4 59. Rh7 b5 60. axb5 axb5 61. Kb2 b4 62. Rh4+ Kd3 63. Rh5 Re1 64. Rxh2 Re2+ 65. Rxe2 Kxe2 66. Kc2 Ke3 67. Kb2 Kd2 68. Kb1 Kc3 69. Ka2 Kc2 70. Ka1 Kxb3 71. Kb1 Ka3 72. Kc1 Ka2 73. Kc2 b3+ 74. Kc3 b2 75. Kd2 b1=Q 0-1


[Site "https://www.chess.com"]

[Event "Titled Tuesday Blitz January 31 Late 2023"]
[White "Defend, Balint"]
[Black "Richterova, Natasa"]
[WhiteFideId "17004853"]
[BlackFideId "350591"]
[WhiteElo "1673"]
[BlackElo "2191"]
[Result "1-0"]
[Round "06"]
[TimeControl "180+2"]
[Date "2023.01.31"]
[WhiteClock "0:01:39"]
[BlackClock "0:00:09"]

1. e4 Nf6 2. e5 Nd5 3. c4 Nb6 4. d4 d6 5. exd6 cxd6 6. Nc3 g6 7. Be3 Bg7 8. Rc1 O-O 9. b3 Bf5 10. h3 e5 11. dxe5 dxe5 12. Nf3 Qxd1+ 13. Rxd1 Nc6 14. Be2 Rad8 15. Bc5 Rfe8 16. Bxb6 Rxd1+ 17. Bxd1 e4 18. Be3 exf3 19. Nd5 fxg2 20. Rg1 Bxh3 21. Bf3 Nd4 22. Bxg2 Bxg2 23. Rxg2 Nc2+ 24. Ke2 Nxe3 25. fxe3 b6 26. Kf3 f5 27. a4 Kf7 28. Ra2 Rd8 29. a5 b5 30. a6 bxc4 31. bxc4 Rc8 32. Ra4 Rc5 33. Rb4 Be5 34. Rb7+ Ke6 35. Rxa7 Rxc4 36. Nb6 Rb4 37. Rb7 Bc7 38. a7 Ra4 39. Nxa4 1-0


[Site "https://www.chess.com"]

[Event "Titled Tuesday Blitz January 31 Late 2023"]
[White "Ehlvest, Jaan"]
[Black "Sohier, Julien"]
[WhiteFideId "4500016"]
[BlackFideId "645346"]
[WhiteElo "2530"]
[BlackElo "2214"]
[Result "1-0"]
[Round "06"]
[TimeControl "180+2"]
[Date "2023.01.31"]
[WhiteClock "0:00:31"]
[BlackClock "0:00:04"]

1. e4 e5 2. Nf3 Nc6 3. Nc3 Nf6 4. Bb5 Bb4 5. O-O O-O 6. d3 d6 7. Ne2 Ne7 8. c3 Ba5 9. Ng3 Ng6 10. h3 c6 11. Ba4 Re8 12. Re1 Bc7 13. d4 d5 14. Bg5 exd4 15. exd5 Rxe1+ 16. Qxe1 Qxd5 17. Bxf6 gxf6 18. Bb3 Qd8 19. Nxd4 Bxg3 20. fxg3 Bd7 21. Rd1 Qc7 22. Qf2 Qe5 23. Nf3 Qe7 24. g4 Re8 25. Qxa7 Be6 26. Qe3 Bxb3 27. Qxe7 Rxe7 28. axb3 Re2 29. Rd2 Re4 30. Kf2 Nf4 31. c4 h5 32. gxh5 Nxh5 33. Rd4 Re7 34. g4 Ng7 35. b4 f5 36. g5 Ne6 37. Rd6 Nf4 38. h4 Re2+ 39. Kf1 Rxb2 40. Nd4 Rxb4 41. Nxf5 Rxc4 42. Rd7 Ne6 43. Nh6+ Kh8 44. Nxf7+ Kg8 45. Kg2 Rxh4 46. Kg3 Rc4 47. g6 Rc3+ 48. Kg4 Rc4+ 49. Kf5 Ng7+ 50. Ke5 Rc5+ 51. Ke4 Rc4+ 52. Kd3 Rg4 53. Rd8+ Ne8 54. Rxe8+ Kg7 55. Ne5 Rg3+ 56. Ke4 c5 57. Re7+ Kg8 58. Rxb7 c4 59. Kf5 c3 60. Kf6 1-0


[Site "https://www.chess.com"]

[Event "Titled Tuesday Blitz January 31 Late 2023"]
[White "Tanenbaum, Zachary"]
[Black "Hajiyev, Kanan"]
[WhiteFideId "2060850"]
[BlackFideId "13404148"]
[WhiteElo "2261"]
[BlackElo "2197"]
[Result "0-1"]
[Round "06"]
[TimeControl "180+2"]
[Date "2023.01.31"]
[WhiteClock "0:00:05"]
[BlackClock "0:00:10"]

1. e4 c6 2. d4 d5 3. exd5 cxd5 4. Bd3 Nc6 5. c3 Qc7 6. h3 Nf6 7. Nf3 g6 8. Qc2 Bg7 9. O-O O-O 10. Re1 Be6 11. Be3 Rfc8 12. Qd2 Na5 13. Bf4 Nc4 14. Bxc7 Nxd2 15. Bf4 Nxf3+ 16. gxf3 Kf8 17. Kg2 Nh5 18. Be3 Bf6 19. Nd2 Bf5 20. Bxf5 gxf5 21. Nf1 e6 22. Ng3 Ng7 23. Bh6 Kg8 24. Kh2 Kh8 25. Rg1 Rg8 26. Rg2 Ne8 27. Rag1 Rg6 28. Bf4 Ng7 29. Re1 Rg8 30. Re2 Nh5 31. Be5 Bxe5 32. Rxe5 Nf4 33. Rg1 Rh6 34. Rd1 Rxh3+ 35. Kg1 Nh5 36. Kg2 Rh4 37. Rg1 f4 38. Kf1 fxg3 39. fxg3 Nxg3+ 40. Kf2 Rh2+ 41. Rg2 Rxg2+ 42. Kxg2 Nf5+ 43. Kf2 h5 44. c4 dxc4 45. d5 Rg6 46. dxe6 fxe6 47. Rc5 h4 48. Rc8+ Kh7 49. Rc7+ Rg7 50. Rxc4 h3 51. Rc1 Rg2+ 52. Kf1 Rxb2 53. Rc7+ Kg6 54. Rc8 Ng3+ 55. Ke1 h2 56. Rg8+ Kf5 0-1


[Site "https://www.chess.com"]